Map: Acid Plant LE

Players

Dreiiko

  • Race: Protoss Protoss
  • League: Platinum
  • Spawn Location: 5:00

CinDra - Winner!

  • Race: Zerg Zerg
  • League: Gold
  • Spawn Location: 11:00

VOD

Have the link to the VOD?

Description

Time

  • Played on: March 14, 2018, 3:21 p.m.
  • Length: 4:42
Show
View Real Time Build Order
Export as new Build Order

Dreiiko Protoss 

Build Orders: 1 Gate Expand 

Get SALT Encoding   

  12  0:01  Probe (Chrono Boost)  
  13  0:10  Probe (Chrono Boost)  
  14  0:15  Probe (Chrono Boost)  
  15  0:22  Pylon  
  15  0:41  Probe  
  16  0:43  Gateway  
  16  1:08  Nexus  
  16  1:11  Probe (Chrono Boost)  
  17  1:22  Probe (Chrono Boost)  
  18  1:27  Probe (Chrono Boost)  
  19  1:36  Cybernetics Core  
  19  1:40  Assimilator  
  19  1:41  Probe  
  20  1:50  Zealot (Chrono Boost)  
  22  2:10  Pylon  
  22  2:18  Zealot (Chrono Boost)  
  24  2:36  Probe (Chrono Boost)  
  25  2:42  Gateway  
  25  2:46  Assimilator, Probe (Chrono Boost)  
  25  2:51  Probe (Chrono Boost)  
  27  3:02  Gateway, Probe  
  27  3:04  Gateway  
  28  3:10  Stalker  
  30  3:14  Probe  
  31  3:24  Gateway  
  31  3:30  Probe (Chrono Boost)  
  32  3:37  Adept  
  32  3:40  Probe (Chrono Boost)  
  35  3:45  Probe (Chrono Boost)  
  35  3:56  Probe  
  35  4:01  Stalker  
Show
View Real Time Build Order
Export as new Build Order

CinDra Zerg - Winner!

Build Orders: Pool First 

Get SALT Encoding   

  12  0:02  Drone  
  13  0:13  Overlord  
  13  0:18  Drone  
  14  0:31  Drone x2  
  14  0:35  Drone  
  17  0:38  Extractor  
  16  0:45  Drone  
  17  0:52  Spawning Pool  
  16  0:58  Drone  
  17  1:20  Hatchery  
  17  1:23  Drone  
  17  1:25  Drone  
  17  1:30  Drone  
  19  1:43  Queen  
  19  1:45  Zergling x2  
  22  1:57  Roach Warren  
  21  2:01  Drone  
  22  2:15  Overlord  
  22  2:16  Overlord  
  22  2:37  Roach  
  22  2:38  Roach x2  
  22  2:43  Roach  
  30  2:44  Roach  
  32  2:52  Roach  
  32  2:53  Roach  
  32  2:56  Roach  
  32  2:58  Zergling x2  
  39  3:01  Zergling x2  
  40  3:09  Zergling x2  
  40  3:10  Zergling x2  
  42  3:14  Overlord  
  42  3:19  Zergling x2  
  43  3:25  Zergling x2  
  44  3:28  Overlord  
  44  3:34  Overlord  
  44  3:43  Zergling x4  
  44  3:46  Zergling x2  
  46  4:07  Zergling x14  
  49  4:22  Zergling x2  
  49  4:23  Zergling x2  
Tags
 
Add a new tag
Caveats
  • Supply blocks, unpowered buildings, or Contaminate may cause inaccurate times.
  • Supply counts are checked every 10 seconds.